 Dungeon Crawl Stone Soup version 0.17-a0-854-g4a4ba72 (webtiles) character file.

148690 FedoraBrony69 the Tortoise (level 16, -16/151 HPs)
             Began as a Minotaur Berserker on Apr 28, 2015.
             Was the Champion of Trog.
             Killed from afar by an octopode crusher (50 damage)
             ... with an iron shot
             ... on level 1 of the Depths.
             The game lasted 01:46:35 (30191 turns).

FedoraBrony69 the Tortoise (Minotaur Berserker)    Turns: 30191, Time: 01:46:35

Health: -16/151    AC: 26    Str: 27      XL:     16   Next: 94%
Magic:  15/15      EV: 15    Int:  4 (6)  God:    Trog [******]
Gold:   2872       SH:  0    Dex: 17      Spells: 0 memorised, 15 levels left

rFire  . . .     SeeInvis +     a - +4 demon whip (elec)
rCold  + . .     Clarity  .     v - +1 chain mail of Impermeability {rC+ Dex+2} (curse)
rNeg   . . .     SustAb   .     (no shield)
rPois  .         Gourm    .     b - +1 hat {SInv}
rElec  +         Spirit   .     C - +2 cloak
rCorr  .         Warding  .     q - +0 pair of gloves
rMut   +         Stasis   .     B - +2 pair of boots {run}
MR     +....                    d - amulet of resist mutation
Stlth  ..........               F - +5 ring of dexterity
                                w - ring of stealth

@: quick, somewhat resistant to hostile enchantments, extremely unstealthy
A: retaliatory headbutt, horns 2, blurry vision 1, breathe flames 2, clever 1,
electricity resistance, weak 1
a: Burn Spellbooks, Berserk, Trog's Hand, Brothers in Arms, Renounce Religion,
Breathe Fire


You were on level 1 of the Depths.
You worshipped Trog.
Trog was exalted by your worship.
You were not hungry.

You visited 6 branches of the dungeon, and saw 30 of its levels.
You also visited: Bailey.

You collected 3142 gold pieces.
You spent 270 gold pieces at shops.

Inventory:

Hand weapons
 a - a +4 demon whip of electrocution (weapon)
Armour
 b - a +1 hat of see invisible (worn)
 q - a +0 pair of gloves (worn)
 r - a +3 chain mail
 v - the cursed +1 chain mail of Impermeability (worn) {rC+ Dex+2}
   (You bought it in a shop on level 4 of the Orcish Mines)

   It affects your dexterity (+2).
   It protects you from cold.
   It has a curse placed upon it.
 A - a +0 plate armour
 B - a +2 pair of boots of running (worn)
 C - a +2 cloak (worn)
 X - a +0 shield
Jewellery
 d - an amulet of resist mutation (around neck)
 w - a ring of stealth (left hand)
 F - a +5 ring of dexterity (right hand)
Magical devices
 i - a wand of draining (1)
 W - a wand of teleportation (5)
Scrolls
 e - a scroll of acquirement
 f - 2 scrolls of summoning
 l - 2 scrolls of enchant armour {unknown}
 o - 12 scrolls of remove curse
 x - 5 scrolls of fear
 y - 11 scrolls of teleportation
 z - 2 scrolls of magic mapping
 D - 8 scrolls of fog
 J - 3 scrolls of blinking
 S - 3 scrolls of silence
Potions
 g - 2 potions of resistance
 m - 2 potions of restore abilities
 n - 3 potions of agility
 s - 14 potions of curing
 u - 6 potions of haste
 E - 2 potions of cancellation
 H - 5 potions of heal wounds
 M - 2 potions of brilliance
 O - a potion of berserk rage {unknown}
 P - 7 potions of might
 R - 2 potions of beneficial mutation
 Y - 4 potions of flight
Comestibles
 c - 17 bread rations
 h - 7 chunks of flesh
 p - 14 meat rations
 t - 28 fruits
 G - 4 beef jerkies
 N - 10 royal jellies
 T - 6 slices of pizza


   Skills:
 + Level 16.0 Fighting
 - Level 17.1 Maces & Flails
 * Level 18.9 Armour
 + Level 8.7 Dodging
 + Level 17.2 Shields


You had 15 spell levels left.
You didn't know any spells.

Dungeon Overview and Level Annotations

Branches:
Dungeon (15/15)            Temple (1/1) D:7            Lair (8/8) D:10
 Shoals (0/4) Lair:3        Snake (0/4) Lair:4        Slime (1/6) Lair:6
    Orc (4/4) D:12            Elf (0/3) Orc:3        Vaults (0/5) D:14
 Depths (1/5) D:15

Altars:
Ashenzari
Cheibriados
Dithmenos
Elyvilon
Fedhas
Kikubaaqudgha
Makhleb
Nemelex Xobeh
Okawaru
Qazlal
Ru
Sif Muna
Trog
Vehumet
Xom
Yredelemnul
Zin
The Shining One
Beogh

Shops:
Orc:4 *(}[:

Portals:
Hell: Depths:1


Innate Abilities, Weirdness & Mutations

You reflexively headbutt those who attack you in melee.
You have a pair of horns on your head.
Scrolls take you a little longer to read.
You can breathe fire.
Your mind is acute. (Int +2)
You are resistant to electric shocks.
You are weak. (Str -2)


Message History

You are too injured to fight recklessly!
You are too injured to fight recklessly!
You are too injured to fight recklessly!
You are too injured to fight recklessly!
You are too injured to fight recklessly!
Use which ability? (? or * to list)
Your hill giant goes berserk!
You feel somewhat more hungry.
The octopode crusher closely misses you.
The octopode crusher grabs you.
* * * LOW HITPOINT WARNING * * *
The octopode crusher constricts you.
You escape the octopode crusher's grasp.
Your hill giant misses the octopode crusher.
Your hill giant closely misses the octopode crusher.
Your hill giant misses the octopode crusher.
Your hill giant barely misses the octopode crusher.
The octopode crusher casts a spell at you.
The iron shot hits you!
You die...

#.......§≈.§≈##.#
#.......#≈..###.#
####....##≈.# #.#
#....###.###.#
#...(###..##.#
#..(...##.##.#
#####...(..##..#.#
#....).(.((###.#.###
#........##.)...@..#
#........##........#
#####)#####........#
......# ##.....x..#
####### #......C..#
#.........#
#.........#
#.........#
#......>.≈≈≈≈≈≈≈


You could see an octopode crusher and a friendly hill giant (berserk).

Vanquished Creatures
  8 acid blobs (Slime:1)
  Gastronok (D:9)
  Kirke (Lair:6)
  2 azure jellies (Slime:1)
  A frost giant (D:15)
  The ghost of FedoraBrony69 the Bludgeoner, a powerful MiFi (Slime:1)
  2 stone giants (Depths:1)
  An ettin (Depths:1)
  Snorg (Lair:6)
  The ghost of Minkie the Bludgeoner, a powerful OgHu of Okawaru (D:10)
  Fannar (Orc:2)
  Harold (D:10)
  A great orb of eyes (Slime:1)
  7 centaur warriors
  14 hydras
  2 dancing weapons (D:14)
  A catoblepas (Lair:7)
  10 death yaks
  A tengu warrior (D:15)
  Urug (Orc:2)
  The ghost of Shenaniganizer the Covert, an experienced OpAs of Dithmenos (D:9)
  5 orc high priests
  The ghost of FedoraBrony69 the Basher, an experienced MiBe of Trog (Bailey)
  4 deep elf knights (D:12)
  Sonja (D:13)
  2 iron golems
  A fire crab (Lair:7)
  5 skeletal warriors (D:15)
  2 deep elf summoners (D:12)
  A wizard (Depths:1)
  A swamp dragon (shapeshifter) (Lair:1)
  Pikel (D:6)
  6 hill giants
  5 orc knights (Orc:4)
  A wolf spider zombie (D:15)
  A deep elf conjurer (D:12)
  15 elephants
  The ghost of Shenaniganizer the Covert, an experienced OpAs of Dithmenos (D:5)
  10 ugly things
  3 manticores
  A shining eye (Slime:1)
  3 griffons
  6 centaur zombies
  3 black mambas
  14 spiny frogs
  3 gargoyles
  An eye of devastation (Slime:1)
  A yaktaur (D:15)
  9 komodo dragons
  4 fire drakes
  A kobold demonologist (D:14)
  3 tengu conjurers (D:15)
  3 two-headed ogres
  10 trolls
  Grinder (D:4)
  24 slime creatures
  Prince Ribbit (D:6)
  4 ravens (D:15)
  3 freezing wraiths
  A boulder beetle (Lair:6)
  4 giant leeches (Lair:8)
  A queen bee (D:11)
  4 deep elf magi
  A shadow (D:13)
  21 blink frogs
  A tarantella (D:12)
  A vampire (D:12)
  A redback (D:12)
  15 deep elf fighters (D:12)
  2 wyverns
  35 yaks
  A wraith (D:10)
  4 hogs
  Eustachio (D:6)
  A basilisk (Lair:2)
  A water elemental (D:15)
  Grum (D:9)
  6 wolves
  3 steam dragons
  12 hippogriffs
  A human (D:7)
  A mottled dragon (D:14)
  2 hungry ghosts
  15 swamp worms (Lair:5)
  6 vampire mosquitoes (Lair:8)
  Edmund (D:4)
  A redback simulacrum (D:14)
  A warg (Orc:4)
  4 nagas (Lair:4)
  15 water moccasins
  10 porcupines
  A black bear (Lair:5)
  10 ice beasts
  2 slaves (D:6)
  14 centaurs
  2 eyes of draining
  20 ogres
  2 phantoms
  3 sky beasts
  28 orc warriors
  36 giant frogs
  18 crocodiles
  A brain worm (D:14)
  2 gnoll sergeants (D:8)
  2 scorpions
  A water moccasin skeleton (D:10)
  39 killer bees
  2 electric eels
  2 crimson imps
  4 wights (D:12)
  A gnoll shaman (D:8)
  5 hounds
  8 jellies
  4 centaur skeletons
  16 iguanas
  3 giant frog skeletons
  43 orc priests
  27 orc wizards
  A killer bee zombie (D:6)
  15 worker ants
  24 sheep
  4 hound skeletons
  7 adders
  23 gnolls
  101 river rats
  5 shadow imps
  An ooze (D:2)
  7 worms
  2 adder skeletons
  12 giant geckos
  197 orcs
  A ball python (D:1)
  A bat skeleton (D:7)
  4 giant cockroaches
  29 goblins
  25 hobgoblins
  12 jackals
  2 quokkas
  11 bats
  3 giant newts
  23 kobolds
  14 rats
  A fungus (Lair:8)
  3 plants
1218 creatures vanquished.

Vanquished Creatures (collateral kills)
  An orc high priest (Orc:4)
  2 iron golems (D:8)
  A sun demon (Orc:4)
  6 orc knights
  2 sixfirhies (Orc:4)
  7 orc warriors (Orc:4)
  5 orc priests (Orc:4)
  A gnoll (Bailey)
  4 orcs (Orc:4)
  2 hobgoblins (Bailey)
  A kobold (Bailey)
32 creatures vanquished.

Vanquished Creatures (others)
  A deep troll (Orc:4)
  A crocodile (Lair:6)
  An orc (Orc:2)
  A hobgoblin (D:9)
  A butterfly (Lair:6)
  3 fungi (Lair:8)
  2 plants
  4 toadstools (D:1)
14 creatures vanquished.

Grand Total: 1264 creatures vanquished

Notes
Turn   | Place    | Note
--------------------------------------------------------------
     0 | D:1      | FedoraBrony69, the Minotaur Berserker, began the quest for the Orb.
     0 | D:1      | Reached XP level 1. HP: 19/19 MP: 0/0
   283 | D:1      | Reached XP level 2. HP: 27/27 MP: 1/1
   451 | D:1      | Reached skill level 4 in Maces & Flails
   723 | D:2      | Acquired Trog's second power
   723 | D:2      | Reached XP level 3. HP: 17/33 MP: 2/2
   754 | D:2      | Found a bloodstained altar of Trog.
  1032 | D:3      | Found a stormy altar of Qazlal.
  1313 | D:3      | Reached XP level 4. HP: 39/41 MP: 3/3
  1857 | D:4      | Noticed Edmund
  1860 | D:4      | Noticed a phantom
  1865 | D:4      | Killed Edmund
  1865 | D:4      | Reached skill level 5 in Fighting
  1865 | D:4      | Reached skill level 5 in Maces & Flails
  1865 | D:4      | Reached XP level 5. HP: 48/48 MP: 4/4
  1867 | D:4      | Killed a phantom
  1867 | D:4      | Reached skill level 6 in Maces & Flails
  1867 | D:4      | Reached XP level 6. HP: 56/56 MP: 5/5
  2113 | D:4      | Noticed an ogre
  2122 | D:4      | Killed an ogre
  2122 | D:4      | Reached skill level 7 in Maces & Flails
  2122 | D:4      | Reached skill level 5 in Armour
  2261 | D:4      | Reached XP level 7. HP: 62/62 MP: 6/6
  2505 | D:4      | Noticed Grinder
  2521 | D:4      | Killed Grinder
  2521 | D:4      | Reached skill level 8 in Maces & Flails
  2574 | D:4      | Acquired Trog's third power
  2819 | D:5      | Entered Level 5 of the Dungeon
  2866 | D:5      | Reached XP level 8. HP: 71/71 MP: 7/7
  2893 | D:5      | Noticed Shenaniganizer's ghost (experienced OpAs)
  2906 | D:5      | Killed Shenaniganizer's ghost
  2906 | D:5      | Reached skill level 9 in Maces & Flails
  3211 | D:5      | You fall through a shaft!
  3312 | D:5      | Found a blossoming altar of Fedhas.
  3315 | D:5      | Found a shadowy altar of Dithmenos.
  3485 | D:5      | Got a bloodstained trident
  3486 | D:5      | Identified the cursed +0 trident "Tokon" {pierce, rC- Str+3 SInv} (You found it on level 5 of the Dungeon)
  3560 | D:5      | Reached skill level 10 in Maces & Flails
  3718 | D:6      | Identified a +2 pair of boots of running (You found it on level 6 of the Dungeon)
  3757 | D:6      | Noticed Prince Ribbit
  3759 | D:6      | Noticed Pikel
  3767 | D:6      | Killed Prince Ribbit
  3772 | D:6      | Killed Pikel
  3772 | D:6      | Reached XP level 9. HP: 82/82 MP: 8/8
  3844 | D:6      | Noticed Eustachio
  3863 | D:6      | Killed Eustachio
  3863 | D:6      | Reached skill level 11 in Maces & Flails
  4017 | D:6      | Found a white marble altar of Elyvilon.
  4631 | D:7      | Found a flagged portal.
  4648 | Bailey   | Entered a bailey
  4713 | Bailey   | Noticed FedoraBrony69's ghost (experienced MiBe)
  4725 | Bailey   | Killed FedoraBrony69's ghost
  4725 | Bailey   | Reached skill level 12 in Maces & Flails
  4774 | Bailey   | Noticed an orc knight
  4859 | Bailey   | Killed an orc knight
  4859 | Bailey   | Reached XP level 10. HP: 59/91 MP: 9/9
  5054 | D:7      | Found a staircase to the Ecumenical Temple.
  5219 | Temple   | Entered the Ecumenical Temple
  5318 | D:8      | Noticed a six-headed hydra
  5320 | D:8      | Noticed an iron golem
  5320 | D:8      | Noticed an iron golem
  5320 | D:8      | Noticed an iron golem
  5320 | D:8      | Noticed an iron golem
  5326 | D:8      | Killed a six-headed hydra
  5339 | D:8      | Killed an iron golem
  5339 | D:8      | Reached skill level 10 in Fighting
  5339 | D:8      | Reached skill level 13 in Maces & Flails
  5514 | D:8      | Received a gift from Trog
  5636 | D:8      | Reached skill level 10 in Armour
  5889 | D:8      | Received a gift from Trog
  6486 | D:8      | Noticed a manticore
  6504 | D:8      | Killed a manticore
  6504 | D:8      | Reached skill level 1 in Shields
  6699 | D:8      | Killed an iron golem
  6703 | D:8      | Killed an iron golem
  6703 | D:8      | Reached skill level 14 in Maces & Flails
  6703 | D:8      | Reached XP level 11. HP: 101/101 MP: 10/10
  7000 | D:9      | Gained mutation: You are weak. (Str -2) [mutagenic meat]
  7001 | D:9      | Gained mutation: You are agile. (Dex +2) [mutagenic meat]
  7002 | D:9      | Gained mutation: Your mind is acute. (Int +2) [mutagenic meat]
  7003 | D:9      | Noticed Gastronok
  7028 | D:9      | Killed Gastronok
  7169 | D:9      | Reached skill level 5 in Shields
  7729 | D:9      | Noticed Shenaniganizer's ghost (experienced OpAs)
  7731 | D:9      | Noticed Grum
  7741 | D:9      | Killed Shenaniganizer's ghost
  7744 | D:9      | Killed Grum
  7822 | D:9      | Found a deep blue altar of Sif Muna.
  7977 | D:10     | Entered Level 10 of the Dungeon
  8078 | D:10     | Reached skill level 15 in Maces & Flails
  8127 | D:10     | Noticed Harold
  8151 | D:10     | Killed Harold
  8640 | D:10     | Noticed Minkie's ghost (powerful OgHu)
  8666 | D:10     | Killed Minkie's ghost
  8783 | D:10     | Reached XP level 12. HP: 107/107 MP: 11/11
  8799 | D:10     | Received a gift from Trog
  9150 | D:10     | Found a staircase to the Lair.
  9273 | Lair:1   | Entered Level 1 of the Lair of Beasts
  9287 | Lair:1   | Noticed a five-headed hydra
  9298 | Lair:1   | Killed a five-headed hydra
  9780 | Lair:1   | Noticed a six-headed hydra
  9793 | Lair:1   | Killed a six-headed hydra
 10879 | Lair:1   | Reached skill level 16 in Maces & Flails
 11496 | Lair:2   | Reached skill level 10 in Shields
 12324 | Lair:3   | Found a staircase to the Shoals.
 12346 | Lair:3   | Reached skill level 5 in Dodging
 12973 | Lair:4   | Noticed a five-headed hydra
 12988 | Lair:4   | Killed a five-headed hydra
 13000 | Lair:4   | Found a staircase to the Snake Pit.
 13113 | Lair:4   | Received a gift from Trog
 13158 | Lair:4   | Reached XP level 13. HP: 114/114 MP: 12/12
 14367 | Lair:5   | Received a gift from Trog
 15431 | Lair:6   | Noticed Snorg
 15439 | Lair:6   | Killed Snorg
 15577 | Lair:6   | Found a deep blue altar of Sif Muna.
 15824 | Lair:6   | Found a staircase to the Slime Pits.
 15871 | Lair:6   | Noticed Kirke
 15887 | Lair:6   | Killed Kirke
 15887 | Lair:6   | Received a gift from Trog
 16400 | Lair:7   | Reached XP level 14. HP: 69/126 MP: 13/13
 16681 | Lair:7   | Reached skill level 17 in Maces & Flails
 17242 | Lair:8   | Entered Level 8 of the Lair of Beasts
 17657 | Lair:8   | Found a shattered altar of Ashenzari.
 17707 | Lair:8   | Received a gift from Trog
 18058 | Lair:8   | Received a gift from Trog
 18259 | Lair:8   | Reached skill level 15 in Armour
 19258 | D:11     | Received a gift from Trog
 19446 | D:11     | Gained mutation: You evolve. [mutagenic meat]
 19447 | D:11     | Gained mutation: You are partially covered in rugged brown scales (AC +1, +3% HP). [mutagenic meat]
 19448 | D:11     | Gained mutation: You are frail (-10% HP). [mutagenic meat]
 19526 | D:11     | Killed an iron golem
 19543 | D:11     | Reached XP level 15. HP: 111/128 MP: 14/14
 20069 | D:12     | Reached skill level 15 in Shields
 20118 | D:12     | Received a gift from Trog
 20341 | D:12     | Gained mutation: You are resistant to electric shocks. [evolution]
 20341 | D:12     | Lost mutation: You evolve. [end of evolution]
 20491 | D:12     | Found a staircase to the Orcish Mines.
 21098 | D:13     | Found a glowing golden altar of the Shining One.
 21102 | D:13     | Noticed Sonja
 21110 | D:13     | Killed Sonja
 21195 | D:13     | Received a gift from Trog
 21274 | D:13     | Gained mutation: Scrolls take you a little longer to read. [mutagenic meat]
 21356 | D:14     | Found a shadowy altar of Dithmenos.
 21619 | D:14     | Found a roughly hewn altar of Beogh.
 21742 | D:14     | Gained mutation: You can breathe flames. [mutagenic meat]
 21743 | D:14     | Gained mutation: You occasionally shout uncontrollably at your foes. [mutagenic meat]
 21745 | D:14     | Gained mutation: Armour fits poorly on your strangely shaped body. [mutagenic meat]
 21747 | D:14     | Gained mutation: You can breathe fire. [mutagenic meat]
 21750 | D:14     | Lost mutation: You are frail (-10% HP). [potion of cure mutation]
 21750 | D:14     | Lost mutation: You are agile. (Dex +2) [potion of cure mutation]
 21750 | D:14     | Lost mutation: You occasionally shout uncontrollably at your foes. [potion of cure mutation]
 21750 | D:14     | Lost mutation: You are partially covered in rugged brown scales (AC +1, +3% HP). [potion of cure mutation]
 21750 | D:14     | Lost mutation: Armour fits poorly on your strangely shaped body. [potion of cure mutation]
 22167 | D:14     | Found a gate to the Vaults.
 22336 | D:15     | Entered Level 15 of the Dungeon
 22733 | D:15     | Received a gift from Trog
 22790 | D:15     | Found a staircase to the Depths.
 22812 | D:15     | Reached skill level 15 in Fighting
 22824 | Depths:1 | Entered Level 1 of the Depths
 23003 | D:15     | Reached XP level 16. HP: 147/149 MP: 15/15
 23553 | Lair:1   | Identified a scroll of acquirement
 23567 | Lair:1   | Got a pair of crude boots
 23578 | Lair:1   | Identified the +2 pair of boots of Forking Paths {Dex+6 Stlth+} (You acquired it on level 1 of the Lair of Beasts)
 23596 | Lair:1   | Identified a +1 rod of inaccuracy (11/11) (You found it on level 12 of the Dungeon)
 23818 | Slime:1  | Entered Level 1 of the Pits of Slime
 23818 | Slime:1  | Noticed an acid blob
 23839 | Slime:1  | Killed an acid blob
 24008 | Slime:1  | Noticed an acid blob
 24028 | Slime:1  | Killed an acid blob
 24118 | Slime:1  | Noticed an acid blob
 24141 | Slime:1  | Killed an acid blob
 24166 | Slime:1  | Noticed FedoraBrony69's ghost (powerful MiFi)
 24184 | Slime:1  | Noticed an acid blob
 24189 | Slime:1  | HP: 5/149 [acid (4)]
 24502 | Slime:1  | Killed an acid blob
 24595 | Slime:1  | Killed FedoraBrony69's ghost
 24625 | Slime:1  | Noticed an acid blob
 24633 | Slime:1  | Killed an acid blob
 24841 | Slime:1  | Noticed an acid blob
 24853 | Slime:1  | Killed an acid blob
 24860 | Slime:1  | Noticed an acid blob
 24912 | Slime:1  | Killed an acid blob
 24912 | Slime:1  | Reached skill level 18 in Armour
 25106 | Slime:1  | Noticed an acid blob
 25130 | Slime:1  | Killed an acid blob
 25130 | Slime:1  | Received a gift from Trog
 26022 | Orc:1    | Entered Level 1 of the Orcish Mines
 26383 | Orc:2    | Noticed Urug
 26407 | Orc:2    | Killed Urug
 26491 | Orc:2    | Received a gift from Trog
 26540 | Orc:2    | Noticed Fannar
 27183 | Orc:2    | Killed Fannar
 27235 | Orc:3    | Found a staircase to the Elven Halls.
 27248 | Orc:3    | Received a gift from Trog
 28005 | Orc:4    | Entered Level 4 of the Orcish Mines
 28225 | Orc:4    | Received a gift from Trog
 28537 | Orc:4    | Received a gift from Trog
 28852 | Orc:4    | Found Jycvu's Assorted Antiques.
 28861 | Orc:4    | Bought a scroll labeled JYNATSE ZOSAUL for 42 gold pieces
 29022 | Orc:4    | Found Jabu Xepsasi's Antique Weapon Boutique.
 29022 | Orc:4    | Found Seomif's Book Boutique.
 29022 | Orc:4    | Found Lelaf's Gadget Shop.
 29036 | Orc:4    | Found Anaoth's Antique Armour Boutique.
 29064 | Orc:4    | Bought a fine chain mail for 228 gold pieces
 29074 | Orc:4    | Identified the cursed +1 chain mail of Impermeability {rC+ Dex+2} (You bought it in a shop on level 4 of the Orcish Mines)
 29886 | Depths:1 | Found a gateway to Hell.
 30096 | Depths:1 | Found Wagyahau's Gadget Emporium.
 30177 | Depths:1 | Noticed an octopode crusher
 30191 | Depths:1 | Killed from afar by an octopode crusher

Action                   |  1- 3 |  4- 6 |  7- 9 | 10-12 | 13-15 | 16-18 || total
-------------------------+-------+-------+-------+-------+-------+-------++-------
Melee: Mace              |   111 |    83 |   119 |   870 |   517 |       ||  1700
       Trident           |       |       |   159 |   183 |       |       ||   342
       Demon whip        |       |       |       |       |  1320 |   794 ||  2114
Invok: Berserk           |       |     1 |     6 |    10 |     4 |     1 ||    22
       Trog's Hand       |       |       |     3 |    10 |     4 |     3 ||    20
       Brothers in Arms  |       |       |     1 |     1 |       |     5 ||     7
  Use: Scroll            |       |       |    12 |     5 |     8 |    12 ||    37
       Potion            |       |       |       |       |     1 |       ||     1
 Stab: Petrified         |       |       |       |       |     1 |       ||     1
  Eat: Chunk             |     1 |     5 |    15 |    41 |    55 |    17 ||   134
       Pizza             |       |       |     1 |       |       |     5 ||     6
       Beef jerky        |       |       |       |     3 |       |       ||     3
